 Dungeon Crawl Stone Soup version 0.30-a0-377-g5cb311bc9f (webtiles) character file.

Game seed: 12444473159109445246

10203 sanka the Blocker (level 11, -9/76 HPs)
             Began as a Djinni Conjurer on Nov 28, 2022.
             Was a Priest of Makhleb.
             Killed by divine providence
             ... invoked by an orc priest
              (17 damage)
             ... on level 11 of the Dungeon.
             The game lasted 00:25:04 (12319 turns).

sanka the Blocker (Djinni Conjurer)                Turns: 12319, Time: 00:25:05

Health: -9/76      AC: 11    Str:  6    XL:     11   Next: 88%
Gold:   621        EV: 13    Int: 24    God:    Makhleb [***...] SH: 13 Dex: 12

rFire   + + +      SeeInvis .    a - +5 scimitar
rCold   + . .      Faith    .    L - +2 shield of Resistance {rF++ rC++ Will++}
rNeg    . . .      Spirit   .    T - +0 steam dragon scales
rPois   ∞          Reflect  .    H - +0 helmet
rElec   .          Harm     .    M - +0 cloak
rCorr   +          Rampage  .    (no gloves)
Will    +++..                    (boots unavailable)
Stlth   ++........               (no amulet)
HPRegen 0.32/turn                P - ring of resist corrosion
MPRegen 0.00/turn                v - +4 ring of protection

@: flying
A: sickness immunity, fire resistance 2, cold vulnerability 1, float, innate
caster, HP casting, extra vitality 1
a: Renounce Religion, Minor Destruction, Lesser Servant of Makhleb


You were on level 11 of the Dungeon.
You worshipped Makhleb.
Makhleb was most pleased with you.
You visited 2 branches of the dungeon, and saw 12 of its levels.

You collected 621 gold pieces.


Innate Abilities, Weirdness & Mutations

You are immune to sickness and miasma.
You are immune to poison.
Your flesh is very heat resistant. (rF++)
You are vulnerable to cold. (rC-)
You float through the air rather than walking.
You learn spells naturally, not from books.
Your magical power is your life essence.
You have superior vitality. (+4 MHP)


   Skills:
 - Level 6.1 Fighting
 - Level 7.1 Dodging
 - Level 1.5 Stealth
 - Level 10.0 Shields
 + Level 10.0 Spellcasting


You had 3 spell levels left.
You knew the following spells:

 Your Spells              Type           Power      Damage    Failure   Level
c - Iskenderun's Mystic   Conj/Tloc      56%        2d12      1%          4
i - Poisonous Vapours     Pois/Air       100%       N/A       1%          2
o - Kindle Blastsparks    Fire/Tloc/Air  100%       2d18      1%          3
p - Anguish               Hex/Necr       28%        N/A       1%          4
u - Kiss of Death         Conj/Necr      100%       2d13      1%          1
v - Spider Form           Tmut/Pois      56%        N/A       1%          3
x - Searing Ray           Conj           100%       2d8       1%          2
y - Dazzling Flash        Conj/Hex       100%       N/A       1%          3
z - Magic Dart            Conj           100%       1d8       1%          1
Z - Fulminant Prism       Conj/Hex       28%        3d13      1%          4
Your spell library was empty.

Inventory:

Hand Weapons
 a - a +5 scimitar (weapon)
 d - the +5 short sword of Conformity {venom, Fly rElec MP+9 Str-4}

   It poisons the flesh of those it strikes.
   Str:       It affects your strength (-4).
   rElec:     It insulates you from electricity.
   MP:        It affects your magic capacity (+9).
   Fly:       It grants you flight.
 g - a +0 long sword
 N - a +2 quarterstaff of chaos
Missiles
 i - 2 curare-tipped darts {=f}
 O - a throwing net {=f}
Armour
 H - a +0 helmet (worn)
 L - the +2 shield of Resistance (worn) {rF++ rC++ Will++} rF: It greatly protects you from fire. rC: It greatly protects you from cold. Will: It greatly increases your willpower.
 M - a +0 cloak (worn)
 T - +0 steam dragon scales (worn)
Jewellery
 v - a +4 ring of protection (right hand)
 P - a ring of resist corrosion (left hand)
Wands
 u - a wand of polymorph (25)
 F - a wand of flame (22)
 G - a wand of roots (28)
 J - a wand of paralysis (17)
 K - a wand of mindburst (7)
Scrolls
 c - a scroll of blinking {unknown}
 e - 2 scrolls of fog
 j - 2 scrolls of torment {!r}
 l - 2 scrolls of summoning
 n - 5 scrolls of immolation {!r}
 q - 4 scrolls of enchant armour
 y - 3 scrolls of noise {!r}
 A - a scroll of silence {!r}
 B - 9 scrolls of teleportation {@r4}
 D - 3 scrolls of poison
 E - 2 scrolls of fear
 I - a scroll of enchant weapon {unknown}
 Q - a scroll of vulnerability {unknown}
 S - a scroll of magic mapping {unknown}
Potions
 b - a potion of flight {unknown}
 f - 2 potions of might {unknown}
 h - 3 potions of berserk rage {unknown}
 k - 2 potions of resistance {unknown}
 m - a potion of mutation {unknown}
 o - 2 potions of degeneration {unknown}
 r - a potion of heal wounds {@q2}
 s - 2 potions of lignification {unknown}
 t - 2 potions of attraction {unknown}
 w - 2 potions of curing {unknown}
 x - 3 potions of brilliance {unknown}
 z - a potion of cancellation {unknown}
 C - 2 potions of haste {unknown}
Miscellaneous
 p - a condenser vane

Dungeon Overview and Level Annotations

Branches:
Dungeon (11/15)            Temple (1/1) D:4            Lair (0/5) D:8
    Orc: D:9-12

Altars:
Ashenzari
Cheibriados
Dithmenos
Elyvilon
Fedhas
Gozag
Hepliaklqana
Makhleb
Nemelex Xobeh
Okawaru
Qazlal
Ru
Trog
Uskayaw
Wu Jian
Xom
Yredelemnul
Zin
The Shining One

Shops:
D:3 [!

Annotations:
D:5 3 runed translucent doors, mopl's ghost, novice GnMo

.. ▒▒.. ...... ▒... ......
▒▒▒.. ......▒▒▒.▒.▒▒
.....Co......▒
..⌠..............▒▒ .....
▒....o.o.R.▒▒
.....▒▒▒.....o.....▒
~~..£.............▒▒
~~....▒▒.....o.....▒▒▒
≈~................▒▒.▒
~~.....).▒........▒..▒▒
......[)▒▒............▒
......).▒......▒▒<....▒...
...............▒▒▒........


You could see a cyclops, an orc warrior, an orc priest, an orc wizard and 2
orcs.


Message History

The orc warrior is lightly wounded.
The concussive blast engulfs you. You resist.
* * * LOW HITPOINT WARNING * * *
You are knocked back by the blast.
You hear a shout!
You hear a shout!
You hear a shout!
You hear a shout!
You hear a shout!
You hear a shout!
Unknown command.
An orc wizard and a cyclops come into view.
The orc wizard shouts!
The cyclops shouts!
The orc wizard gestures wildly while chanting.
The orc wizard flickers and vanishes!
Deactivating autopickup; reactivate with Ctrl-A.
A magic dart appears from out of thin air!
The magic dart hits you.
* * * LOW HITPOINT WARNING * * *
An orc comes into view. It is wielding a +0 dagger.
The orc priest calls upon Beogh to heal the orc warrior.
The orc warrior's wounds heal themselves!
The cyclops throws a large rock.
The large rock closely misses you.
There is a stone staircase leading up here.
The orc priest calls down the wrath of Beogh upon you.
Beogh smites you!
You die...

Action                   |  1- 3 |  4- 6 |  7- 9 | 10-12 || total
-------------------------+-------+-------+-------+-------++-------
Melee: Short sword       |       |       |    15 |    20 ||    35
       Scimitar          |       |       |       |    33 ||    33
       Punch             |       |       |       |     1 ||     1
 Cast: Magic Dart        |    70 |    53 |   154 |   122 ||   399
       Searing Ray       |       |    10 |    21 |    18 ||    49
       Fulminant Prism   |       |       |    14 |    32 ||    46
       Kindle Blastspark |       |       |       |    73 ||    73
Evoke: Wand              |       |       |     2 |       ||     2
  Use: Scroll            |       |       |       |    11 ||    11
Armor: Robe              |     1 |     6 |    18 |    23 ||    48
       Steam dragon scal |       |       |       |    40 ||    40
Dodge: Dodged            |     2 |    18 |    38 |   100 ||   158
Block: Kite shield       |       |       |       |    94 ||    94

Levels and vault maps discovered:
D:1:      sevenhm_arrival_forest_fort_small_3, layout_basic
D:2:      layout_basic, minmay_misc_feat_nine_boxes, dreamdust_princess_corridor
D:3:      layout_rooms, mainiacjoe_overflow_six_doors_small, serial_shops,
          nicolae_shop_statue_plus, nicolae_square_shop, grunt_ministairs_1
D:4:      minmay_evil_eye, layout_loops_ring, minmay_temple_entry_large_hall
D:5:      layout_basic, amcnicky_altar_gilded, gammafunk_ghost_necromancy,
          serial_glass, glass_columns_a, glass_columns_b, glass_columns_c,
          glass_columns_b, glass_columns_b, glass_columns_a
D:6:      layout_gridville, mainiacjoe_overflow_large_starburst,
          mainiacjoe_overflow_small_starburst, uniq_menkaure, uniq_grinder,
          uniq_pikel
D:7:      layout_layer_cave, doesnt_xom_only_xom, minmay_misc_feat_x,
          dreamdust_gnoll_farm, uniq_crazy_yiuf_cottage
D:8:      layout_loops_ring, pdpol_wu_jian_five_deadly_venoms, erik_lair_dragon
D:9:      layout_rooms, serial_aquarium, aquarium_bridge_square
          [aquarium_subvault_bridge, aquarium_subvault_wall,
          aquarium_subvault_balcony, aquarium_subvault_window],
          aquarium_window_1, aquarium_window_1, aquarium_window_corridor_1,
          aquarium_window_1, aquarium_view_2f, aquarium_view_2f,
          hangedman_abyss_or_decor_lesser_grid
D:10:     layout_small_grid, chequers_decorated_corner, uniq_grum
D:11:     layout_cave_pools, erik_orc_1, special_room [special_room_orc],
          gammafunk_ghost_wrathful_warriors, kiku_gazebo_pond_becter
Temple:   hellmonk_temple_of_storms

Notes
Turn   | Place    | Note
-------+----------+-------------------------------------------
     0 | D:1      | sanka the Djinni Conjurer began the quest for the Orb.
     0 | D:1      | sanka set off with the following spells memorised: Magic
                  | Dart, Searing Ray, Dazzling Flash, Fulminant Prism,
                  | Iskenderun's Mystic Blast.
     0 | D:1      | Reached XP level 1. HP: 15/15 MP: 0/0
   181 | D:1      | Reached XP level 2. HP: 19/21 MP: 0/0
   917 | D:2      | Reached XP level 3. HP: 23/25 MP: 0/0
   917 | D:2      | Learned a level 1 spell: Kiss of Death
  1210 | D:2      | Reached skill level 4 in Spellcasting
  1891 | D:3      | Found Xugi's Distillery.
  1896 | D:3      | Reached XP level 4. HP: 29/31 MP: 0/0
  2071 | D:3      | Found Limac's Antique Armour Boutique.
  2209 | D:3      | Found a basalt altar of Yredelemnul.
  2471 | D:4      | Reached XP level 5. HP: 13/35 MP: 0/0
  2471 | D:4      | Learned a level 2 spell: Poisonous Vapours
  2671 | D:4      | Reached skill level 5 in Spellcasting
  2678 | D:4      | Reached XP level 6. HP: 30/40 MP: 0/0
  2837 | D:4      | Reached skill level 6 in Spellcasting
  2843 | D:4      | Reached XP level 7. HP: 22/45 MP: 0/0
  2843 | D:4      | Learned a level 3 spell: Spider Form
  3029 | D:4      | Found a staircase to the Ecumenical Temple.
  3041 | Temple   | Entered the Ecumenical Temple
  3089 | Temple   | Became a worshipper of Makhleb the Destroyer
  4027 | D:5      | Entered Level 5 of the Dungeon
  4352 | D:5      | Found an iron altar of Okawaru.
  4391 | D:5      | Identified the +5 short sword of Conformity {venom, Fly
                  | rElec MP+9 Str-4}
  4438 | D:5      | Reached skill level 7 in Spellcasting
  4701 | D:5      | Found a runed translucent gate.
  4701 | D:5      | Found a runed translucent gate.
  4701 | D:5      | Found a runed translucent gate.
  4705 | D:5      | Noticed mopl's ghost (novice GnMo)
  4859 | D:5      | Reached XP level 8. HP: 50/50 MP: 0/0
  5365 | D:6      | Noticed Menkaure
  5372 | D:6      | Killed Menkaure
  5591 | D:6      | Reached skill level 8 in Spellcasting
  5633 | D:6      | Identified the +1 short sword of Wrath {elec, *Slow rC++
                  | rN+ Stlth+}
  5659 | D:6      | Found a hazy altar of Hepliaklqana.
  5818 | D:6      | Reached skill level 1 in Fighting
  5852 | D:6      | Noticed Grinder
  5864 | D:6      | Killed Grinder
  5864 | D:6      | Reached * piety under Makhleb
  5865 | D:6      | Reached skill level 2 in Fighting
  5865 | D:6      | Reached skill level 3 in Dodging
  5974 | D:6      | Reached skill level 3 in Fighting
  5974 | D:6      | Reached skill level 4 in Dodging
  5974 | D:6      | Reached XP level 9. HP: 56/60 MP: 0/0
  5974 | D:6      | Learned a level 3 spell: Kindle Blastsparks
  6138 | D:6      | Noticed Pikel
  6148 | D:6      | Killed Pikel
  6149 | D:6      | Reached skill level 4 in Fighting
  6149 | D:6      | Reached skill level 5 in Dodging
  6186 | D:6      | Found a snail-covered altar of Cheibriados.
  6515 | D:6      | Found a sparkling altar of Nemelex Xobeh.
  6590 | D:7      | Reached skill level 5 in Fighting
  6590 | D:7      | Reached skill level 6 in Dodging
  6830 | D:7      | Found the +2 shield of Resistance {rF++ rC++ Will++}
  6846 | D:7      | Found a runed translucent door.
  6847 | D:7      | Noticed Crazy Yiuf
  7211 | D:7      | Reached skill level 7 in Dodging
  7313 | D:7      | Reached skill level 6 in Fighting
  7313 | D:7      | Reached skill level 1 in Shields
  7340 | D:7      | Reached skill level 2 in Shields
  7340 | D:7      | Reached XP level 10. HP: 61/72 MP: 0/0
  7782 | D:7      | Reached skill level 3 in Shields
  7861 | D:7      | Found a burning altar of Makhleb.
  7868 | D:7      | Reached ** piety under Makhleb
  7874 | D:7      | Reached skill level 4 in Shields
  7903 | D:7      | Found a shimmering altar of Xom.
  7903 | D:7      | Found a hide-covered altar of Uskayaw.
  7905 | D:7      | Found an opulent altar of Gozag.
  7905 | D:7      | Found a hide-covered altar of Uskayaw.
  8217 | D:7      | Killed Crazy Yiuf
  8563 | D:8      | Reached skill level 5 in Shields
  8569 | D:8      | Reached skill level 6 in Shields
  8656 | D:8      | Noticed a two-headed ogre
  8670 | D:8      | Killed a two-headed ogre
  8671 | D:8      | Reached skill level 7 in Shields
  8803 | D:8      | Found an ornate altar of the Wu Jian Council.
  9390 | D:8      | Reached skill level 8 in Shields
  9422 | D:8      | Noticed a komodo dragon
  9431 | D:8      | Killed a komodo dragon
  9499 | D:8      | Reached skill level 9 in Shields
  9555 | D:8      | Noticed a komodo dragon
  9565 | D:8      | Killed a komodo dragon
  9566 | D:8      | Reached XP level 11. HP: 69/76 MP: 0/0
  9566 | D:8      | Learned a level 4 spell: Anguish
  9638 | D:8      | Found a staircase to the Lair.
 10180 | D:9      | Reached skill level 10 in Shields
 10353 | D:9      | Identified +0 steam dragon scales
 10593 | D:9      | Reached *** piety under Makhleb
 10825 | D:10     | Entered Level 10 of the Dungeon
 11213 | D:10     | Reached skill level 9 in Spellcasting
 11225 | D:10     | Noticed Grum
 11388 | D:10     | Killed Grum
 12308 | D:11     | Identified +0 acid dragon scales
 12309 | D:11     | Reached skill level 10 in Spellcasting
 12313 | D:11     | Noticed a cyclops
 12314 | D:11     | HP: 6/76 [something/magic dart (6)]
 12319 | D:11     | Killed from afar by an orc priest

Vanquished Creatures
  A two-headed ogre (D:8)
  Pikel (D:6)
  2 gargoyles (D:10)
  2 komodo dragons (D:8)
  2 hornets
  A troll (D:9)
  Grinder (D:6)
  A wraith (D:7)
  2 wyverns
  9 yaks
  2 basilisks (D:8)
  Grum (D:10)
  2 steam dragons
  Menkaure (D:6)
  An acid dragon (D:11)
  A water moccasin (D:7)
  An ice beast (D:6)
  An orc warrior (D:10)
  2 black bears
  2 wolves (D:10)
  2 ogres (D:7)
  8 centaurs
  A phantom (D:5)
  A lemure (D:6)
  4 kobold brigands
  5 bullfrogs
  2 gnoll sergeants
  A necrophage (D:7)
  A scorpion (D:6)
  9 wights
  14 killer bees
  5 howler monkeys
  A jelly (D:4)
  4 hounds
  A gnoll bouda (D:4)
  4 orc priests
  Crazy Yiuf (D:7)
  4 iguanas
  6 orc wizards
  22 gnolls
  6 adders
  A shadow imp (D:6)
  A white imp (D:7)
  A dart slug (D:2)
  39 orcs
  5 endoplasms
  3 giant cockroaches
  8 goblins
  5 hobgoblins
  5 quokkas
  7 ball pythons
  4 bats
  3 frilled lizards
  24 kobolds
  6 rats
250 creatures vanquished.

Vanquished Creatures (others)
  46 fulminant prisms
  9 fungi (D:7)
55 creatures vanquished.

Grand Total: 305 creatures vanquished
